 Dungeon Crawl Stone Soup version 0.31-a0-620-gd1cbd99268 (webtiles) character file.

Game seed: 14546483252143582383

103378 bobo the Warrior (level 16, -3/136 HPs)
             Began as a Djinni Fire Elementalist on Aug 18, 2023.
             Was the Champion of Makhleb.
             Killed from afar by a shock serpent (12 damage)
             ... with an electric aura
             ... on level 2 of the Snake Pit on Aug 23, 2023.
             The game lasted 01:55:29 (22167 turns).

bobo the Warrior (Djinni Fire Elementalist)        Turns: 22167, Time: 01:55:29

Health: -3/136     AC: 10    Str:  7    XL:     16   Next: 89%
Gold:   1572       EV: 10    Int: 25    God:    Makhleb [******] SH: 12 Dex: 14

rFire   + + .        g - staff of poison
rCold   x . .        j - +0 kite shield {reflect}
rNeg    + . .        C - +2 troll leather armour
rPois   ∞            t - +2 hat
rElec   .            a - +0 cloak
rCorr   +            c - +1 pair of gloves
SInv    +            (boots unavailable)
Will    ++...        r - amulet of regeneration
Stlth   +++          S - ring of the Philosopher {rCorr SInv Stlth+}
HPRegen 2.02/turn    R - ring "Wepanepe" {rN+ Will+}
MPRegen 0.00/turn

%: reflection, infuse magic (-4 HP)
@: flying, studying Shields
A: sickness immunity, fire resistance 2, cold vulnerability 1, float, innate
caster, HP casting, extra vitality 1
a: Renounce Religion, Minor Destruction, Lesser Servant of Makhleb, Major
Destruction, Greater Servant of Makhleb


You were on level 2 of the Snake Pit.
You worshipped Makhleb.
Makhleb was exalted by your worship.
You visited 6 branches of the dungeon, and saw 23 of its levels.
You also visited: Sewer, Ice Cave and Volcano.

You collected 2818 gold pieces.
You spent 1246 gold pieces at shops.

Inventory:

Armour
 a - a +0 cloak (worn)
 c - a +1 pair of gloves (worn)
 j - a +0 kite shield of reflection (worn)
 t - a +2 hat (worn)
 C - a +2 troll leather armour (worn)
Magical Staves
 g - a staff of poison (weapon)
Jewellery
 b - a ring of resist corrosion
 o - a +4 ring of protection
 r - an amulet of regeneration (around neck)
 w - a ring of protection from cold
 N - a +6 ring of intelligence
 R - the ring "Wepanepe" (right hand) {rN+ Will+}
   (You bought it in a shop on level 2 of the Orcish Mines)

   [ring of willpower]

   rN+:       It protects you from negative energy.
   Will+:     It increases your willpower.
 S - the ring of the Philosopher (left hand) {rCorr SInv Stlth+}
   (You bought it in a shop on level 2 of the Orcish Mines)

   [ring of see invisible]

   SInv:      It lets you see invisible.
   rCorr:     It protects you from acid and corrosion.
   Stlth+:    It makes you more stealthy.
Wands
 q - a wand of roots (19)
 s - a wand of flame (10)
 x - a wand of charming (10)
 z - a wand of polymorph (21)
 F - a wand of mindburst (18)
 K - a wand of acid (10)
Scrolls
 d - 5 scrolls of blinking
 i - 2 scrolls of fear
 l - 5 scrolls of fog
 n - 8 scrolls of teleportation
 y - 3 scrolls of poison
 E - a scroll of immolation
 G - 3 scrolls of identify
 H - a scroll of butterflies
 J - 2 scrolls of vulnerability
 L - 2 scrolls of silence
Potions
 e - 3 potions of haste
 f - 3 potions of brilliance
 h - 12 potions of curing
 k - 8 potions of lignification
 m - 5 potions of cancellation
 p - 5 potions of attraction
 u - a potion of resistance
 v - 4 potions of ambrosia
 A - a potion of enlightenment {unknown}
 B - 6 potions of degeneration
 D - 8 potions of mutation
 I - 3 potions of might
 M - 3 potions of berserk rage {unknown}
 O - a potion of invisibility {unknown}


   Skills:
 + Level 19.4 Fighting
 - Level 2.1 Dodging
 - Level 1.5 Stealth
 + Level 12.7 Shields
 + Level 14.9 Spellcasting
 + Level 14.9 Conjurations
 + Level 14.9 Hexes
 + Level 14.9 Summonings
 + Level 14.9 Necromancy
 + Level 14.9 Translocations
 + Level 14.9 Transmutations
 + Level 14.9 Fire Magic
 + Level 14.9 Ice Magic
 + Level 14.9 Air Magic
 + Level 14.9 Earth Magic
 + Level 14.9 Poison Magic


You knew the following spells:

 Your Spells              Type           Power      Damage    Failure   Level
a - Foxfire               Conj/Fire      100%       2x1d9     1%          1
b - Teleport Other        Tloc           75%        N/A       1%          3
c - Lesser Beckoning      Tloc           100%       N/A       1%          2
d - Static Discharge      Conj/Air       100%       2-7/arc   1%          2
e - Inner Flame           Hex/Fire       75%        N/A       1%          3
f - Dispel Undead         Necr           75%        3d25      1%          4
g - Summon Forest         Summ/Tloc      37%        N/A       1%          5
h - Shock                 Conj/Air       100%       1d9       1%          1
s - Scorch                Fire           100%       2d9       1%          2
w - Flame Wave            Conj/Fire      75%        2d17      1%          4
x - Volatile Blastmotes   Fire/Tloc      100%       2d18      1%          3
z - Leda's Unmaking       Conj/Erth      37%        9d7       4%          6
Your spell library was empty.

Dungeon Overview and Level Annotations

Branches:
Dungeon (11/15)            Temple (1/1) D:4            Lair (5/5) D:11
  Swamp (1/4) Lair:2        Snake (3/4) Lair:2        Slime (0/5) Lair:5
    Orc (2/2) D:9             Elf (0/3) Orc:2         Sewer (visited)
  IceCv (visited)         Volcano (visited)

Altars:
Ashenzari
Cheibriados
Dithmenos
Elyvilon
Fedhas
Gozag
Hepliaklqana
Makhleb
Nemelex Xobeh
Okawaru
Qazlal
Ru
Trog
Uskayaw
Wu Jian
Xom
Yredelemnul
Zin
The Shining One
Jiyva

Shops:
D:8 *   D:10 [   Orc:2 [:?=   Snake:1 [


Innate Abilities, Weirdness & Mutations

You are immune to sickness and miasma.
You are immune to poison.
Your flesh is very heat resistant. (rF++)
You are vulnerable to cold. (rC-)
You float through the air rather than walking.
You learn spells naturally, not from books.
Your magical power is your life essence.
You have superior vitality. (+4 MHP)


Message History

The shock serpent is knocked back by the blast.
You are knocked back by the blast.
The air sparks with electricity, shocking you!
* * * LOW HITPOINT WARNING * * *
Casting: Volatile Blastmotes (safe; 1% risk of failure)
Confirm with . or Enter, or press ? or * to list all spells.
A cloud of volatile blastmotes flares up around you!
* * * LOW HITPOINT WARNING * * *
The black mamba bites you!
* * * LOW HITPOINT WARNING * * *
The black mamba bites you.
* * * LOW HITPOINT WARNING * * *
The shock serpent bites you but does no damage.
The cloud of blastmotes explodes!
The concussive blast engulfs the black mamba!!
The black mamba is almost dead.
The concussive blast engulfs the shock serpent!!
The shock serpent is severely wounded.
The concussive blast engulfs you. You resist.
* * * LOW HITPOINT WARNING * * *
You are knocked back by the blast.
The shock serpent's electric aura discharges, shocking you!
* * * LOW HITPOINT WARNING * * *
Casting: Volatile Blastmotes (safe; 1% risk of failure)
Confirm with . or Enter, or press ? or * to list all spells.
A cloud of volatile blastmotes flares up around you!
* * * LOW HITPOINT WARNING * * *
As you read the scroll of fear, it crumbles to dust.
You assume a fearsome visage.
The shock serpent resists with some effort.
The black mamba looks frightened!
You block the shock serpent's attack. x2
The cloud of blastmotes explodes!
The concussive blast engulfs the shock serpent!!
You kill the shock serpent!
Makhleb accepts your kill.
You feel better. The concussive blast engulfs you! You resist.
* * * LOW HITPOINT WARNING * * *
You are knocked back by the blast.
The air sparks with electricity, shocking you!
You die...

.##.##........#####
.....#.###.......#
............>.####
...###.##.###....#
...# #.....#####.#
...# #.....# #.#
...###.###.# #†#
.........#.# #.#
##?......#.#####@#
.........#....[..#
.........####.####
..####..#####.##
###..####..##..#
##....##....##)#
#.....#.....#).#
.....#.....#...#
....#.....#....#


There were no monsters in sight!

Vanquished Creatures
  Rupert (Lair:4)
  Mlioglotl (Snake:2)
  Donald (Snake:2)
  Aizul (Snake:1)
  A nagaraja (Snake:1)
  An orc warlord (Orc:2)
  Snorg (D:11)
  A fire dragon (Lair:5)
  Josephine (D:11)
  4 hydras
  8 anacondas
  5 two-headed ogres
  Erica (D:9)
  A catoblepas (Lair:5)
  3 death yaks (D:11)
  9 naga warriors
  7 naga sharpshooters
  6 orc high priests (Orc:2)
  2 shock serpents (Snake:2)
  2 skysharks
  A salamander mystic (Snake:2)
  Amaemon (D:10)
  A swamp dragon (Lair:5)
  2 naga ritualists (Snake:2)
  4 wizards (Volcano)
  8 orc knights (Orc:2)
  3 mana vipers (Snake:2)
  2 cyclopes
  Maurice (D:11)
  16 elephants
  4 salamanders
  5 naga magi
  5 cane toads
  16 black mambas
  A guardian serpent (Snake:2)
  An orange demon (D:10)
  Maggie (D:6)
  9 komodo dragons
  2 ice devils (IceCv)
  5 rime drakes
  11 polar bears (Lair:5)
  4 trolls
  4 raiju (Lair:5)
  A hornet (D:10)
  12 blink frogs
  Prince Ribbit (Lair:1)
  4 dream sheep (Lair:1)
  71 yaks
  5 wraiths (D:11)
  3 wyverns
  3 basilisks
  A vampire (D:9)
  3 steam dragons
  Grum (D:11)
  4 wargs
  5 acid dragons
  13 nagas
  12 hell hounds (Lair:5)
  11 water moccasins
  12 black bears
  31 orc warriors
  A sky beast (D:6)
  2 ice beasts (D:6)
  3 swamp drakes (Lair:5)
  3 ogres
  16 wolves
  6 centaurs
  2 phantoms (D:6)
  2 kobold brigands
  12 bullfrogs
  5 gnoll sergeants
  4 scorpions
  A cane toad simulacrum (IceCv)
  9 wights
  An elephant simulacrum (IceCv)
  A howler monkey (D:7)
  A vampire bat (Lair:1)
  8 electric eels
  3 lava snakes (Lair:2)
  26 orc priests
  A sleepcap (D:4)
  2 hounds
  A gnoll bouda (D:5)
  Jessica (D:3)
  Ijyb (D:3)
  10 iguanas
  14 orc wizards
  A troll simulacrum (IceCv)
  A mummy (D:9)
  25 gnolls
  13 adders
  2 naga simulacra (IceCv)
  2 river rats (D:11)
  6 white imps
  3 worms
  67 orcs
  11 bats
  25 endoplasms
  6 giant cockroaches
  8 hobgoblins
  14 kobolds
  9 quokkas
  12 ball pythons
  12 frilled lizards
  11 goblins
  10 rats
  2 foxfires
  2 snaplasher vines (Lair:5)
735 creatures vanquished.

Vanquished Creatures (collateral kills)
  A dancing weapon (Volcano)
  5 toenail golems (Volcano)
  A warg (Lair:5)
  A hell hound (Lair:5)
  7 foxfires
15 creatures vanquished.

Vanquished Creatures (others)
  A wizard (Volcano)
  A naga (Snake:2)
  1524 foxfires
  A snaplasher vine (Lair:5)
1527 creatures vanquished.

Grand Total: 2277 creatures vanquished

Notes
Turn   | Place    | Note
-------+----------+-------------------------------------------
     0 | D:1      | bobo the Djinni Fire Elementalist began the quest for the
                  | Orb.
     0 | D:1      | bobo set off with the following spells memorised: Foxfire,
                  | Scorch, Volatile Blastmotes, Inner Flame, Flame Wave.
     0 | D:1      | Reached XP level 1. HP: 15/15 MP: 0/0
    22 | D:1      | Found a faded altar of an unknown god.
    97 | D:1      | Reached XP level 2. HP: 19/22 MP: 0/0
   110 | D:1      | Reached skill level 1 in Fighting
   390 | D:1      | Reached XP level 3. HP: 24/27 MP: 0/0
   390 | D:1      | Learned a level 1 spell: Shock
  1168 | D:2      | Reached skill level 2 in Fighting
  1237 | D:2      | Reached XP level 4. HP: 29/33 MP: 0/0
  1663 | D:3      | Noticed Jessica
  1665 | D:3      | Killed Jessica
  1742 | D:3      | Noticed Ijyb
  1754 | D:3      | Killed Ijyb
  1755 | D:3      | Reached skill level 3 in Fighting
  1755 | D:3      | Reached XP level 5. HP: 4/40 MP: 0/0
  1755 | D:3      | Learned a level 2 spell: Lesser Beckoning
  2024 | D:3      | Found a basalt altar of Yredelemnul.
  2025 | D:3      | Found an opulent altar of Gozag.
  2025 | D:3      | Found an ornate altar of the Wu Jian Council.
  2197 | D:3      | Found a bloodstained altar of Trog.
  2207 | D:3      | Found a sparkling altar of Nemelex Xobeh.
  2501 | D:4      | Found a white marble altar of Elyvilon.
  2502 | D:4      | Found a glowing silver altar of Zin.
  2505 | D:4      | Found a staircase to the Ecumenical Temple.
  2514 | Temple   | Entered the Ecumenical Temple
  2521 | Temple   | Became a worshipper of Makhleb the Destroyer
  2644 | D:4      | Reached XP level 6. HP: 42/47 MP: 0/0
  2652 | D:4      | Reached skill level 4 in Fighting
  3348 | D:4      | Reached XP level 7. HP: 50/53 MP: 0/0
  3348 | D:4      | Learned a level 2 spell: Static Discharge
  3461 | D:4      | Reached * piety under Makhleb
  3555 | D:5      | Entered Level 5 of the Dungeon
  3671 | D:5      | Reached skill level 5 in Fighting
  3675 | D:5      | Reached skill level 5 in Spellcasting
  3675 | D:5      | Reached skill level 5 in Conjurations
  3675 | D:5      | Reached skill level 5 in Hexes
  3675 | D:5      | Reached skill level 5 in Summonings
  3675 | D:5      | Reached skill level 5 in Necromancy
  3675 | D:5      | Reached skill level 5 in Translocations
  3675 | D:5      | Reached skill level 5 in Transmutations
  3675 | D:5      | Reached skill level 5 in Fire Magic
  3675 | D:5      | Reached skill level 5 in Ice Magic
  3675 | D:5      | Reached skill level 5 in Air Magic
  3675 | D:5      | Reached skill level 5 in Earth Magic
  3675 | D:5      | Reached skill level 5 in Poison Magic
  4452 | D:6      | Reached XP level 8. HP: 42/61 MP: 0/0
  4455 | D:6      | Found a glowing drain.
  4467 | Sewer    | Entered a sewer
  4639 | Sewer    | Reached ** piety under Makhleb
  4787 | Sewer    | Reached skill level 6 in Fighting
  5178 | D:6      | Reached skill level 7 in Fighting
  5212 | D:6      | Reached XP level 9. HP: 55/68 MP: 0/0
  5212 | D:6      | Learned a level 3 spell: Teleport Other
  5573 | D:6      | Noticed Maggie
  5580 | D:6      | Killed Maggie
  5581 | D:6      | Reached skill level 8 in Fighting
  6183 | D:7      | Reached *** piety under Makhleb
  6960 | D:8      | Reached skill level 1 in Shields
  7152 | D:8      | Reached XP level 10. HP: 58/77 MP: 0/0
  7154 | D:8      | Reached skill level 9 in Fighting
  7301 | D:8      | Found Furyrcheq's Assorted Antiques.
  7345 | D:8      | Bought a scroll labelled BUAG UMYSHRU for 35 gold pieces
  7345 | D:8      | Bought a scroll of identify for 70 gold pieces
  7866 | D:9      | Reached skill level 5 in Shields
  8002 | D:9      | Noticed Erica
  8008 | D:9      | Killed Erica
  8078 | D:9      | Found a snail-covered altar of Cheibriados.
  8261 | D:9      | Reached **** piety under Makhleb
  8282 | D:9      | Found a staircase to the Orcish Mines.
  8374 | D:9      | Reached skill level 10 in Fighting
  8485 | D:9      | Reached XP level 11. HP: 86/86 MP: 0/0
  8485 | D:9      | Learned a level 4 spell: Dispel Undead
  8984 | D:10     | Entered Level 10 of the Dungeon
  9031 | D:10     | Found Haogier's Antique Armour Boutique.
  9061 | D:10     | Reached skill level 10 in Shields
  9203 | D:10     | Noticed a two-headed ogre
  9211 | D:10     | Killed a two-headed ogre
  9212 | D:10     | Reached skill level 11 in Fighting
  9240 | D:10     | Noticed a two-headed ogre
  9250 | D:10     | Killed a two-headed ogre
  9387 | D:10     | Noticed Amaemon
  9403 | D:10     | Killed Amaemon
  9601 | D:10     | Reached ***** piety under Makhleb
  9840 | D:11     | Reached XP level 12. HP: 94/94 MP: 0/0
  9849 | D:11     | Found a frozen archway.
  9867 | IceCv    | Entered an ice cave
 10013 | D:11     | Noticed a two-headed ogre
 10022 | D:11     | Killed a two-headed ogre
 10023 | D:11     | Reached skill level 12 in Fighting
 10052 | D:11     | Noticed a death yak
 10053 | D:11     | Noticed a death yak
 10064 | D:11     | Killed a death yak
 10064 | D:11     | Noticed Snorg
 10071 | D:11     | Killed Snorg
 10079 | D:11     | Noticed Grum
 10083 | D:11     | Killed Grum
 10105 | D:11     | Noticed Josephine
 10115 | D:11     | Killed Josephine
 10188 | D:11     | Found a staircase to the Lair.
 10198 | D:11     | Noticed a death yak
 10215 | D:11     | Killed a death yak
 10231 | D:11     | Killed a death yak
 10232 | D:11     | Reached skill level 13 in Fighting
 10261 | D:11     | Noticed a two-headed ogre
 10271 | D:11     | Killed a two-headed ogre
 10272 | D:11     | Reached skill level 10 in Spellcasting
 10272 | D:11     | Reached skill level 10 in Conjurations
 10272 | D:11     | Reached skill level 10 in Hexes
 10272 | D:11     | Reached skill level 10 in Summonings
 10272 | D:11     | Reached skill level 10 in Necromancy
 10272 | D:11     | Reached skill level 10 in Translocations
 10272 | D:11     | Reached skill level 10 in Transmutations
 10272 | D:11     | Reached skill level 10 in Fire Magic
 10272 | D:11     | Reached skill level 10 in Ice Magic
 10272 | D:11     | Reached skill level 10 in Air Magic
 10272 | D:11     | Reached skill level 10 in Earth Magic
 10272 | D:11     | Reached skill level 10 in Poison Magic
 10302 | D:11     | Noticed Maurice
 10308 | D:11     | Killed Maurice
 10371 | D:11     | Noticed a two-headed ogre
 10384 | D:11     | Killed a two-headed ogre
 10767 | Lair:1   | Entered Level 1 of the Lair of Beasts
 10822 | Lair:1   | Reached XP level 13. HP: 103/103 MP: 0/0
 10822 | Lair:1   | Learned a level 5 spell: Summon Forest
 10829 | Lair:1   | Noticed Prince Ribbit
 10838 | Lair:1   | Killed Prince Ribbit
 10893 | Lair:1   | Identified the +1 chain mail of Weirdness {rCorr}
 11377 | Lair:1   | Reached skill level 14 in Fighting
 11788 | Lair:2   | Found a staircase to the Swamp.
 11913 | Lair:2   | Noticed a four-headed hydra
 11922 | Lair:2   | Killed a four-headed hydra
 12099 | Lair:2   | Found a staircase to the Snake Pit.
 12669 | Lair:2   | Noticed a seven-headed hydra
 12683 | Lair:2   | Killed a seven-headed hydra
 13313 | Lair:3   | Reached skill level 15 in Fighting
 13412 | Lair:3   | Reached ****** piety under Makhleb
 13921 | Lair:4   | Reached XP level 14. HP: 114/114 MP: 0/0
 14302 | Lair:4   | Upgraded the game from 0.31-a0-574-g69dc8cc98e to
                  | 0.31-a0-590-g8a5a4361df
 14514 | Lair:4   | Noticed Rupert
 14516 | Lair:4   | Paralysed by Rupert for 2 turns
 14530 | Lair:4   | Paralysed by Rupert for 4 turns
 14548 | Lair:4   | Killed Rupert
 15206 | Lair:5   | Entered Level 5 of the Lair of Beasts
 15224 | Lair:5   | Reached skill level 16 in Fighting
 15531 | Lair:5   | Found a dark tunnel.
 15539 | Volcano  | Entered a volcano
 15956 | Lair:5   | Found a staircase to the Slime Pits.
 15957 | Lair:5   | Found a viscous altar of Jiyva.
 16456 | Lair:5   | Identified the orb of the Harvest {light, Str+5}
 16477 | Lair:5   | Reached XP level 15. HP: 123/123 MP: 0/0
 16477 | Lair:5   | Learned a level 6 spell: Leda's Unmaking
 16685 | Lair:5   | Reached skill level 17 in Fighting
 16910 | Lair:5   | Upgraded the game from 0.31-a0-590-g8a5a4361df to
                  | 0.31-a0-596-g831eee08f1
 16910 | Lair:5   | Upgraded the game from 0.31-a0-596-g831eee08f1 to
                  | 0.31-a0-609-g7bf6ffcfed
 17380 | Orc:1    | Entered Level 1 of the Orcish Mines
 17789 | Orc:2    | Entered Level 2 of the Orcish Mines
 18054 | Orc:2    | Noticed an orc warlord
 18074 | Orc:2    | Killed an orc warlord
 18191 | Orc:2    | Upgraded the game from 0.31-a0-609-g7bf6ffcfed to
                  | 0.31-a0-618-g7ca08c1ff9
 18308 | Orc:2    | Reached skill level 18 in Fighting
 18720 | Orc:2    | Found a staircase to the Elven Halls.
 18874 | Orc:2    | Found Ivuc's Armour Shop.
 18874 | Orc:2    | Found Ecen's Jewellery Shop.
 18875 | Orc:2    | Found Deostrec's Book Boutique.
 18875 | Orc:2    | Found Isuom's Magic Scroll Shop.
 18885 | Orc:2    | Bought a scroll of enchant armour for 90 gold pieces
 18885 | Orc:2    | Bought a scroll of fear for 48 gold pieces
 18885 | Orc:2    | Bought a scroll of identify for 24 gold pieces
 18885 | Orc:2    | Bought a scroll of silence for 114 gold pieces
 18886 | Orc:2    | Bought the ring "Wepanepe" {rN+ Will+} for 470 gold pieces
 18886 | Orc:2    | Bought the ring of the Philosopher {rCorr SInv Stlth+} for
                  | 395 gold pieces
 19163 | Swamp:1  | Entered Level 1 of the Swamp
 19249 | Snake:1  | Entered Level 1 of the Snake Pit
 19355 | Snake:1  | Reached XP level 16. HP: 117/132 MP: 0/0
 19458 | Snake:1  | Noticed Aizul
 19468 | Snake:1  | Killed Aizul
 19948 | Snake:1  | Found Byha's Armour Boutique.
 19948 | Snake:1  | Noticed a nagaraja
 19959 | Snake:1  | Killed a nagaraja
 19974 | Snake:1  | Identified a scroll of acquirement
 19976 | Snake:1  | Acquired 779 gold pieces
 20185 | Snake:1  | Upgraded the game from 0.31-a0-618-g7ca08c1ff9 to
                  | 0.31-a0-620-gd1cbd99268
 20836 | Snake:2  | Noticed Mlioglotl
 20838 | Snake:2  | Noticed Donald
 21285 | Snake:2  | Killed Donald
 21286 | Snake:2  | Reached skill level 19 in Fighting
 21407 | Snake:2  | Noticed a tentacled starspawn
 21407 | Snake:2  | Killed Mlioglotl
 22167 | Snake:2  | Killed from afar by a shock serpent

Illustrated notes

Levels and vault maps discovered:
D:1:      psy_arrival_spokes, layout_loops_ring, ebering_ecumenical_altar_ruins,
          minmay_splitting_lines, chequers_serial_rivers_room_b, minmay_ruptured
D:2:      layout_basic, st_stairs_1
D:3:      layout_rooms, grunt_temple_overflow_open,
          amethyst_overflow_temple_binary, uniq_jessica, uniq_ijyb
D:4:      minmay_chambers_of_twos, layout_gridville,
          nicolae_overflow_two_pavilions, minmay_temple_entry_gardened_gates,
          minmay_crossroads
D:5:      layout_loops_cross
D:6:      layout_gridville, cheibrodos_sewer_entry_drain, uniq_maggie
D:7:      layout_cave_pods
D:8:      layout_loops_ring, serial_shops, shop, serial_bayou_lake_a
D:9:      layout_loops_corners, chei_slow_surprise, orc_0_dummy, uniq_erica,
          uniq_erolcha
D:10:     layout_roguey, serial_shops, shop, uniq_amaemon
D:11:     layout_roguey, dpeg_lair_monsters, portal_ice_cave_entry_pillars_2,
          uniq_snorg, uniq_maurice, uniq_josephine, uniq_grum
Temple:   nicolae_temple_no_exploring_needed
Lair:1:   layout_regular_city, roderic_batcave, uniq_prince_ribbit2
Lair:2:   layout_layer_cave, swamp_mist_pool, nicolae_snake_entry_warm_welcome
Lair:3:   layout_loops_ring
Lair:4:   layout_layer_cave, minivault_24, grunt_megastairs_1,
          infiniplex_staircase_pool_2, uniq_rupert
Lair:5:   hangedman_lair_caniforms_friends, layout_cave_pods,
          guppyfry_lair_end_dragon, slime_entry_1,
          lightli_volcano_entry_magma_tube, infiniplex_staircase_pool,
          lemuel_fruit_tree
Swamp:1:  layout_basic_swamp, nicolae_swamp_little_swirl, swamp_pool1
Snake:1:  layout_layer_cave, serial_shops, shop, uniq_aizul
Snake:2:  layout_basic, nicolae_snake_coiling_death, uniq_mlioglotl, uniq_donald
Snake:3:  layout_chambers, drop_trap
Orc:1:    layout_diamond_mine, basic_altar
Orc:2:    st_orc_pillars, layout_caves

Skill      XL: |  1  2  3  4  5  6  7  8  9 10 11 12 13 14 15 16 |
---------------+-------------------------------------------------+-----
Spellcasting   | 4 5 6 7 8 9 10 11 12 14 | 14.9
Conjurations   | 4 5 6 7 8 9 10 11 12 14 | 14.9
Hexes          | 4 5 6 7 8 9 10 11 12 14 | 14.9
Summonings     | 4 5 6 7 8 9 10 11 12 14 | 14.9
Necromancy     | 4 5 6 7 8 9 10 11 12 14 | 14.9
Translocations | 4 5 6 7 8 9 10 11 12 14 | 14.9
Transmutations | 4 5 6 7 8 9 10 11 12 14 | 14.9
Fire Magic     | 4 5 6 7 8 9 10 11 12 14 | 14.9
Ice Magic      | 4 5 6 7 8 9 10 11 12 14 | 14.9
Air Magic      | 4 5 6 7 8 9 10 11 12 14 | 14.9
Earth Magic    | 4 5 6 7 8 9 10 11 12 14 | 14.9
Poison Magic   | 4 5 6 7 8 9 10 11 12 14 | 14.9
Fighting       | 1 2 3 4 5 7 8 10 11 13 15 16 18 19 | 19.4
Shields        | 3 8 11 12 | 12.7
Dodging        | |  2.1
Stealth        | |  1.5

Action                     |  1- 3 |  4- 6 |  7- 9 | 10-12 | 13-15 | 16-18 || total
---------------------------+-------+-------+-------+-------+-------+-------++-------
  Melee: Dagger            |     2 |       |       |       |       |       ||     2
         Staff             |       |       |       |       |     5 |       ||     5
   Cast: Foxfire           |    60 |    94 |   184 |   152 |   327 |    55 ||   872
         Scorch            |     8 |    21 |    29 |    44 |    58 |       ||   160
         Inner Flame       |       |     6 |    50 |    90 |   250 |    88 ||   484
         Shock             |       |       |     5 |     1 |    73 |       ||    79
         Volatile Blastmot |       |       |     4 |    66 |   192 |    49 ||   311
         Teleport Other    |       |       |     1 |       |     3 |       ||     4
         Flame Wave        |       |       |       |     1 |    17 |       ||    18
         Lesser Beckoning  |       |       |       |     1 |       |       ||     1
         Summon Forest     |       |       |       |       |     7 |       ||     7
         Leda's Unmaking   |       |       |       |       |   155 |   103 ||   258
    Use: Scroll            |       |       |    10 |     4 |    12 |     7 ||    33
         Potion            |       |       |       |     2 |       |       ||     2
 Armour: Leather armour    |       |     2 |     6 |       |       |       ||     8
         Troll leather arm |       |       |       |     7 |    98 |    26 ||   131
  Dodge: Dodged            |     3 |     2 |     3 |    26 |    96 |    44 ||   174
  Block: Buckler           |       |       |       |     5 |    50 |    15 ||    70
         Kite shield       |       |       |       |       |       |    32 ||    32

Table legend: (Time is in decaauts)
 A = Elapsed time spent in this place.
 B = Non-inter-level travel time spent in this place.
 C = Inter-level travel time spent in this place.
 D = Time resting spent in this place.
 E = Time spent auto-exploring this place.
 F = Levels seen in this place.
 G = Mean time per level.
                   A        B        C        D        E       F      G
               +--------+--------+--------+--------+--------+-----+--------+
         Total |  22167 |  21187 |    980 |   1200 |  15128 |  26 |  852.6 |
       Dungeon |  10428 |   9962 |    466 |    358 |   8124 |  11 |  948.0 |
        Temple |     14 |      8 |      6 |      0 |      0 |   1 |   14.0 |
          Lair |   6432 |   6113 |    319 |    206 |   4363 |   5 | 1286.4 |
         Swamp |     12 |     12 |      0 |      0 |      0 |   1 |   12.0 |
     Snake Pit |   2859 |   2809 |     50 |    508 |   1582 |   3 |  953.0 |
  Orcish Mines |   1631 |   1494 |    137 |     65 |    874 |   2 |  815.5 |
         Sewer |    396 |    396 |      0 |     44 |    154 |   1 |  396.0 |
      Ice Cave |     74 |     74 |      0 |     10 |     14 |   1 |   74.0 |
       Volcano |    317 |    317 |      0 |      9 |     17 |   1 |  317.0 |
               +--------+--------+--------+--------+--------+-----+--------+

Top non-repeatable levels by time:
  Lair:5: 1683 daAuts
  Lair:2: 1603 daAuts
 Snake:1: 1602 daAuts
  Lair:4: 1409 daAuts
 Snake:2: 1235 daAuts
     D:9: 1191 daAuts
   Orc:2: 1180 daAuts
     D:4: 1177 daAuts
     D:6: 1175 daAuts
     D:7: 986 daAuts
     D:8: 958 daAuts
  Lair:1: 928 daAuts
     D:1: 919 daAuts
    D:11: 914 daAuts
    D:10: 874 daAuts
